 Dungeon Crawl Stone Soup version 0.28-a0-863-g8cecda6153 (webtiles) character file.

Game seed: 17052415375413699492

422 BlueGoblin the Skirmisher (level 6, 0/34 HPs)
             Began as a Vine Stalker Fighter on Nov 19, 2021.
             Slain by a gnoll (4 damage)
             ... on level 4 of the Dungeon.
             The game lasted 00:05:18 (3068 turns).

BlueGoblin the Skirmisher (Vine Stalker Fighter)    Turns: 3068, Time: 00:05:19

Health: 0/34       AC:  7    Str: 21    XL:     6   Next: 95%
Magic:  0/7        EV:  9    Int:  8    God:
Gold:   170        SH:  5    Dex: 13    Spells: 5/5 levels left

rFire   . . .      SeeInvis .   h - +4 dagger
rCold   . . .      Faith    .   c - +0 buckler
rNeg    . . .      Spirit   +   b - +0 scale mail
rPois   .          Reflect  .   (no helmet)
rElec   .          Harm     .   (no cloak)
rCorr   .          Rampage  .   (no gloves)
Will    .....                   (no boots)
Stlth   ..........              (no amulet)
HPRegen 1.11/turn               (no ring)
MPRegen 0.10/turn               (no ring)

@: no status effects
A: fangs 2, regeneration 1, magic shield, antimagic bite, no potion heal 2
a: no special abilities


You were on level 4 of the Dungeon.
You visited 1 branch of the dungeon, and saw 4 of its levels.

You collected 170 gold pieces.

Inventory:

Hand Weapons
 a - a +0 rapier
 h - a +4 dagger (weapon)
 j - a +0 dagger of flaming
Armour
 b - a +0 scale mail (worn)
 c - a +0 buckler (worn)
Scrolls
 i - 2 scrolls of teleportation
 k - a scroll of immolation {unknown}
Potions
 d - 2 potions of haste {unknown}
 e - a potion of heal wounds {unknown}
 f - a potion of might
 g - a potion of berserk rage {unknown}


   Skills:
 * Level 4.4 Fighting
 + Level 3.7 Short Blades
 + Level 3.7 Armour
 + Level 0.7 Dodging
 + Level 3.4 Shields


You had 5 spell levels left.
You didn't know any spells.
Your spell library contained the following spells:

 Spells                   Type           Power      Damage    Failure   Level
 Sandblast                Erth           0%         2d4       77%         1
 Summon Small Mammal      Summ           0%         N/A       77%         1
 Passwall                 Tmut/Erth      0%         N/A       88%         2
 Call Canine Familiar     Summ           0%         N/A       98%         3
 Stone Arrow              Conj/Erth      0%         3d7       98%         3
 Summon Guardian Golem    Hex/Summ       0%         N/A       98%         3


Dungeon Overview and Level Annotations

Branches:
Dungeon (4/15)
 Temple: D:4-7

Altars:
Gozag
Nemelex Xobeh
Okawaru
Vehumet

Annotations:
D:4 Dowan, Duvessa


Innate Abilities, Weirdness & Mutations

You have extremely sharp teeth.
Your natural rate of healing is unusually fast.
When hurt, damage is shared between your health and your magic reserves.
Your bite disrupts and absorbs the magic of your enemies.
Potions cannot restore your health.


Message History

The gnoll is moderately wounded.
The gnoll hits you but does no damage.
You barely miss the gnoll. Your bite misses the gnoll.
The gnoll is moderately wounded.
The gnoll hits you with a +0 flail!
You closely miss the gnoll. You bite the gnoll. You drain its power.
You feel invigorated.
The gnoll is heavily wounded.
The gnoll hits you with a +0 flail. The gnoll hits you but does no damage.
You hit the gnoll. Your bite misses the gnoll.
The gnoll is heavily wounded.
The gnoll hits you with a +0 flail.
You are too injured to fight recklessly!
You are too injured to fight recklessly!
You are too injured to fight recklessly!
You are too injured to fight recklessly!
The gnoll barely misses you. The gnoll hits you with a +0 flail.
You are too injured to fight recklessly!
You are too injured to fight recklessly!
You are too injured to fight recklessly!
You hit the gnoll. Your bite misses the gnoll.
The gnoll is severely wounded.
The gnoll barely misses you.
You hit the gnoll. You bite the gnoll, but do no damage.
The gnoll is almost dead.
The gnoll is no longer moving quickly.
You hit the gnoll. Your bite misses the gnoll.
The gnoll is heavily wounded.
The gnoll hits you with a +0 flail.
You hit the gnoll but do no damage.
The gnoll is heavily wounded.
The gnoll hits you with a +0 flail! The gnoll hits you with a +0 flail.
* * * LOW HITPOINT WARNING * * *
You hit the gnoll.
The gnoll is severely wounded.
The gnoll hits you with a +0 flail.
* * * LOW HITPOINT WARNING * * *
The gnoll hits you with a +0 flail.
You die...

gg...# #.)...........#.#..
.g..g# ##........##.#.# #.#
#g# #<........##...###..
####g# ##........# #.....#
....g# #........# #..#.##
###..# #........# #....# #..#
##+####### #.##.#
#..###########g# #....#
#.....)..))..g@# ####.#
#.##########################[#
#............................#
##############################


You could see 2 gnolls.

Vanquished Creatures
  An ogre (D:3)
  A centaur zombie (D:4)
  A hound (D:4)
  A gnoll shaman (D:4)
  An iguana (D:4)
  7 gnolls
  8 adders
  An adder skeleton (D:4)
  2 worms (D:3)
  A dart slug (D:2)
  3 orcs
  9 bats
  5 endoplasms
  5 giant cockroaches
  5 goblins
  6 hobgoblins
  5 jackals
  3 quokkas
  5 ball pythons
  3 frilled lizards (D:1)
  3 kobolds
  6 rats
82 creatures vanquished.

Notes
Turn   | Place    | Note
-------+----------+-------------------------------------------
     0 | D:1      | BlueGoblin the Vine Stalker Fighter began the quest for the
                  | Orb.
     0 | D:1      | Reached XP level 1. HP: 11/11 MP: 2/2
    27 | D:1      | Reached skill level 3 in Fighting
    27 | D:1      | Reached XP level 2. HP: 4/16 MP: 1/3
   335 | D:1      | Found a faded altar of an unknown god.
   409 | D:1      | Reached XP level 3. HP: 20/20 MP: 4/4
  1406 | D:2      | Gained mutation: Your natural rate of healing is unusually
                  | fast. [Vine Stalker growth]
  1406 | D:2      | Reached XP level 4. HP: 24/24 MP: 5/5
  2045 | D:3      | Found a radiant altar of Vehumet.
  2048 | D:3      | Found an iron altar of Okawaru.
  2052 | D:3      | Reached XP level 5. HP: 28/28 MP: 6/6
  2055 | D:3      | Found an opulent altar of Gozag.
  2123 | D:3      | Found a sparkling altar of Nemelex Xobeh.
  2611 | D:4      | Noticed Duvessa
  2611 | D:4      | Noticed Dowan
  2682 | D:4      | Noticed an ogre
  2766 | D:3      | Killed an ogre
  2767 | D:3      | Reached skill level 4 in Fighting
  2767 | D:3      | Reached XP level 6. HP: 20/33 MP: 3/7
  3068 | D:4      | Slain by a gnoll

Illustrated notes

Levels and vault maps discovered:
D:1:      matt_arrival_grand_opening, layout_rooms,
          nicolae_ecumenical_snake_handling
D:2:      layout_rooms
D:3:      layout_loops_cross, general_overflow_altar,
          grunt_temple_overflow_diamond, minmay_misc_feat_ornament
D:4:      layout_basic, mainiacjoe_overflow_alcove_4,
          chequers_serial_rivers_room_b, minmay_fractal_squares_5, uniq_duvessa

Skill      XL: |  1  2  3  4  5 |
---------------+----------------+-----
Fighting       | 3 4 |  4.4
Short Blades   | 2 3 |  3.7
Shields        | 3 |  3.4
Armour         | 3 |  3.7
Dodging        | |  0.7

Action                   |  1- 3 |  4- 6 || total
-------------------------+-------+-------++-------
Melee: Rapier            |    88 |    50 ||   138
       Bite              |    16 |    70 ||    86
       Dagger            |       |   145 ||   145
  Use: Potion            |     1 |       ||     1
       Scroll            |     3 |     2 ||     5
Armor: Scale mail        |    44 |    54 ||    98
Dodge: Dodged            |    43 |    70 ||   113
Block: Buckler           |    26 |    32 ||    58

Table legend: (Time is in decaauts)
 A = Elapsed time spent in this place.
 B = Non-inter-level travel time spent in this place.
 C = Inter-level travel time spent in this place.
 D = Time resting spent in this place.
 E = Time spent auto-exploring this place.
 F = Levels seen in this place.
 G = Mean time per level.
                   A        B        C        D        E       F      G
               +--------+--------+--------+--------+--------+-----+--------+
         Total |   3063 |   2932 |    131 |    481 |   1743 |   4 |  765.8 |
       Dungeon |   3063 |   2932 |    131 |    481 |   1743 |   4 |  765.8 |
               +--------+--------+--------+--------+--------+-----+--------+

Top non-repeatable levels by time:
     D:3: 864 daAuts
     D:1: 853 daAuts
     D:2: 821 daAuts
     D:4: 524 daAuts
